 Dungeon Crawl Stone Soup version 0.21-a0-509-gecc5317 (webtiles) character file.

574 slep the Chopper (level 7, -3/52 HPs)
             Began as a Demonspawn Gladiator on Dec 1, 2017.
             Slain by a sky beast (6 damage)
             ... on level 6 of the Dungeon.
             The game lasted 00:09:19 (2722 turns).

slep the Chopper (Demonspawn Gladiator)             Turns: 2722, Time: 00:09:19

Health: -3/52      AC: 13    Str: 16    XL:     7   Next: 12%
Magic:  7/7        EV: 12    Int:  9    God:
Gold:   248        SH:  0    Dex: 15    Spells: 6/6 levels left

rFire    + . .     SeeInvis .   a - +0 war axe
rCold    . . .     Gourm    .   (no shield)
rNeg     . . .     Faith    .   x - +1 ring mail {rF+}
rPois    .         Spirit   .   c - +0 helmet
rElec    .         Reflect  .   (no cloak)
rCorr    .         Harm     .   (no gloves)
MR       .....                  (no boots)
Stlth    ..........             (no amulet)
HPRegen  0.17/turn              (no ring)
MPRegen  0.10/turn              (no ring)

@: lethally poisoned (-3 -> -4), sanguine armour
A: hooves 2, powered by death 2, sanguine armour 1
a: no special abilities


You were on level 6 of the Dungeon.
You were not hungry.

You visited 1 branch of the dungeon, and saw 5 of its levels.

You collected 248 gold pieces.

Inventory:

Hand Weapons
 a - a +0 war axe (weapon)
Missiles
 d - 3 throwing nets (quivered)
Armour
 b - a +0 leather armour
 c - a +0 helmet (worn)
 e - a +0 scale mail
 u - a +0 pair of boots
 x - a +1 ring mail of fire resistance (worn)
Wands
 w - a wand of iceblast (4)
Scrolls
 h - a scroll of immolation {unknown}
 l - 2 scrolls of noise {unknown}
 p - 6 scrolls of identify {unknown}
 q - 2 scrolls of fog {unknown}
 s - a scroll of remove curse {unknown}
 t - a scroll of blinking {unknown}
 y - 3 scrolls of random uselessness {unknown}
 A - a scroll of teleportation {unknown}
Potions
 i - a potion of lignification
 j - a potion of cancellation
 k - a potion of curing {unknown}
 m - a potion of ambrosia {unknown}
 n - a potion of brilliance {unknown}
 o - 2 potions of heal wounds {unknown}
 v - 2 potions of haste {unknown}
Comestibles
 f - 4 bread rations
 g - a royal jelly
 r - a meat ration
 z - 2 chunks of flesh


   Skills:
 + Level 3.4 Fighting
 + Level 5.7 Axes
 + Level 1.9 Throwing
 + Level 2.8 Armour
 + Level 3.5 Dodging
 + Level 0.1 Evocations


You had 6 spell levels left.
You didn't know any spells.

Dungeon Overview and Level Annotations

Branches:
Dungeon (4/15)
 Temple: D:4-7

Altars:
Zin


Innate Abilities, Weirdness & Mutations

You have hoof-like feet.
You regenerate health from kills.
When seriously injured, your bleeding wounds create armour. (AC +6)


Message History

* * * LOW HITPOINT WARNING * * *
The worker ant completely misses you.
You hit the worker ant. Your kick misses the worker ant.
The worker ant is heavily wounded.
You barely miss something. The worker ant closely misses you.
Something hits you but does no damage.
You barely miss the worker ant. You kick the worker ant!
You kill the worker ant!
You miss something. Something completely misses you.
Something hits you but does no damage.
You barely miss something.
You feel sick. Something hits you but does no damage.
You miss something. Something hits you.
* * * LOW HITPOINT WARNING * * *
Something shocks you.
* * * LOW HITPOINT WARNING * * *
You closely miss something. You kick something. Something hits you.
* * * LOW HITPOINT WARNING * * *
Something shocks you.
You die...

#.#####...........#.#
#....
#.................#.#
#...#
#######.......#####.#
#...# #.......# #..
+...' #...#########
#...# #............
+...' #....########
#...# #...........
##### #...@....... #
####{†...... #
#........ # #........
# ......... #
......... # .........
# ..........


There were no monsters in sight!

Vanquished Creatures
  2 sky beasts (D:6)
  2 bullfrogs (D:6)
  An orc priest (D:3)
  An orc wizard (D:6)
  A bullfrog skeleton (D:4)
  An iguana (D:6)
  A worker ant (D:6)
  A hound zombie (D:4)
  3 adders
  An ooze (D:4)
  A worm (D:2)
  2 dart slugs (D:1)
  4 leopard geckos
  6 orcs
  A ball python (D:2)
  5 giant cockroaches
  7 goblins
  7 hobgoblins
  10 kobolds
  2 quokkas (D:2)
  4 bats (D:3)
  6 frilled lizards
  A quokka skeleton (D:4)
  6 rats
76 creatures vanquished.

Notes
Turn   | Place    | Note
-------+----------+-------------------------------------------
     0 | D:1      | slep the Demonspawn Gladiator began the quest for the Orb.
     0 | D:1      | Reached XP level 1. HP: 16/16 MP: 1/1
   216 | D:1      | Gained mutation: You have large cloven feet. [demonic ancestry]
   216 | D:1      | Reached XP level 2. HP: 20/22 MP: 2/2
   238 | D:1      | Reached skill level 3 in Axes
   838 | D:2      | Gained mutation: You have hoof-like feet. [demonic ancestry]
   838 | D:2      | Reached XP level 3. HP: 27/28 MP: 3/3
  1073 | D:2      | Found a glowing silver altar of Zin.
  1284 | D:3      | Reached skill level 1 in Armour
  1365 | D:3      | Gained mutation: You regenerate a little health from kills. [demonic ancestry]
  1365 | D:3      | Reached XP level 4. HP: 30/34 MP: 4/4
  1498 | D:3      | HP: 1/34 [kobold/short sword (2)]
  1725 | D:3      | Reached skill level 4 in Axes
  2075 | D:4      | Reached XP level 5. HP: 37/39 MP: 5/5
  2193 | D:4      | You fall through a shaft for 2 floors!
  2234 | D:6      | Noticed a sky beast
  2258 | D:6      | Killed a sky beast
  2258 | D:6      | Reached skill level 5 in Axes
  2258 | D:6      | Gained mutation: You regenerate health from kills. [demonic ancestry]
  2258 | D:6      | Reached XP level 6. HP: 9/46 MP: 6/6
  2673 | D:6      | Noticed a sky beast
  2680 | D:6      | Killed a sky beast
  2701 | D:6      | Noticed a sky beast
  2714 | D:6      | Gained mutation: When seriously injured, your bleeding wounds create armour. (AC +6) [demonic ancestry]
  2714 | D:6      | Reached XP level 7. HP: 35/52 MP: 7/7
  2722 | D:6      | Slain by a sky beast

Vault maps used:
D:1:      dpeg_arrival_more_subterranean_lakeside_camping, minivault_19
D:2:      lemuel_statue_altar
D:3:      minmay_misc_feat_tower
D:4:      serial_undead, serial_undead_f, serial_undead_a, serial_undead_e,
          serial_undead_a
D:6:      lexackson_kobold_supper

Skill      XL: |  1  2  3  4  5  6 |
---------------+-------------------+-----
Axes           | 3 4 5 |  5.7
Dodging        | 3 |  3.5
Armour         | 1 2 |  2.8
Fighting       | 3 |  3.4
Throwing       | |  1.9
Evocations     | |  0.1

Action                   |  1- 3 |  4- 6 |  7- 9 || total
-------------------------+-------+-------+-------++-------
Melee: War axe           |   140 |   101 |     8 ||   249
       Kick              |    17 |    34 |     2 ||    53
Evoke: Wand              |       |     3 |       ||     3
  Use: Potion            |       |     2 |       ||     2
  Eat: Chunk             |     1 |     5 |       ||     6
Armor: Scale mail        |    70 |     5 |       ||    75
       Ring mail         |       |    31 |     6 ||    37
       Skin              |       |    15 |       ||    15
Dodge: Dodged            |    81 |    74 |     5 ||   160

Table legend:
 A = Spawn XP
 B = Non-spawn XP
 C = Spawn XP percentage of total XP
 D = Spawn monster count
 E = Non-spawn monster count
 F = Spawn count percentage of total count
 G = Total turns spent on level
                    A         B        C        D         E        F      G
               +---------+---------+-------+---------+---------+-------+---------
         Total |       0 |     820 |   0.0 |       0 |      76 |   0.0 |  2722
               +---------+---------+-------+---------+---------+-------+---------
           D:1 |       0 |      34 |   0.0 |       0 |      18 |   0.0 |   814
           D:2 |       0 |      54 |   0.0 |       0 |      24 |   0.0 |   467
           D:3 |       0 |      75 |   0.0 |       0 |      17 |   0.0 |   745
           D:4 |       0 |      85 |   0.0 |       0 |       5 |   0.0 |   167
           D:6 |       0 |     572 |   0.0 |       0 |      12 |   0.0 |   529
               +---------+---------+-------+---------+---------+-------+---------
